 Dungeon Crawl Stone Soup version 0.22.0 (webtiles) character file.

933 GroovyGamera the Covered (level 8, -9/49 HPs)
             Began as a Gargoyle Fighter on Aug 11, 2018.
             Splashed by Ijyb's acid (14 damage)
             ... on level 4 of the Dungeon.
             The game lasted 00:12:25 (3646 turns).

GroovyGamera the Covered (Gargoyle Fighter)         Turns: 3646, Time: 00:12:25

Health: -9/49      AC: 16    Str: 21    XL:     8   Next: 11%
Magic:  8/8        EV:  4    Int: 10    God:
Gold:   244        SH: 10    Dex:  9    Spells: 7/7 levels left

rFire    . . .     SeeInvis .   a - +0 war axe
rCold    . . .     Gourm    .   c - +0 shield
rNeg     + . .     Faith    .   h - -2 plate armour
rPois    ∞         Spirit   .   (no helmet)
rElec    +         Reflect  .   (no cloak)
rCorr    .         Harm     .   (no gloves)
MR       .....                  (no boots)
Stlth    ..........             (no amulet)
HPRegen  0.16/turn              (no ring)
MPRegen  0.11/turn              (no ring)

@: no status effects
A: negative energy resistance 1, electricity resistance, unbreathing,
petrification resistance, rot immunity, AC +5
a: no special abilities


You were on level 4 of the Dungeon.
You were very hungry.

You visited 1 branch of the dungeon, and saw 4 of its levels.
You also visited: Sewer.

You collected 244 gold pieces.

Inventory:

Hand Weapons
 a - a +0 war axe (weapon)
Armour
 b - a +0 scale mail
 c - a +0 shield (worn)
 e - a +0 ring mail
 h - a -2 plate armour (worn)
 n - a +0 pair of boots
 E - a +1 pair of gloves
Jewellery
 i - an uncursed ring of protection from cold {unknown}
 o - an uncursed ring of wizardry {unknown}
 q - a cursed ring of stealth {unknown}
 w - a +3 ring of evasion {unknown}
Wands
 v - a wand of polymorph (10)
 F - a wand of clouds (5)
Scrolls
 g - 3 scrolls of noise {unknown}
 m - 5 scrolls of identify {unknown}
 p - 4 scrolls of magic mapping
 r - 2 scrolls of teleportation {unknown}
 s - 6 scrolls of blinking
 t - a scroll of fog {unknown}
 u - a scroll of enchant weapon {unknown}
 x - a scroll of random uselessness {unknown}
 y - a scroll of fear {unknown}
Potions
 d - a potion of might
 j - a potion of mutation {unknown}
 k - a potion of lignification {unknown}
 l - 2 potions of degeneration {unknown}
 z - 2 potions of heal wounds
 A - a potion of magic {unknown}
 B - 3 potions of haste {unknown}
 C - a potion of curing {unknown}
Comestibles
 f - 2 rations
 D - a chunk of flesh


   Skills:
 + Level 5.1 Fighting
 + Level 5.4 Axes
 + Level 5.7 Armour
 + Level 0.6 Dodging
 + Level 5.4 Shields


You had 7 spell levels left.
You didn't know any spells.
Your spell library was empty.

Dungeon Overview and Level Annotations

Branches:
Dungeon (4/15)
 Temple: D:4-7

Altars:
Elyvilon
Gozag
Nemelex Xobeh
Xom
The Shining One

Shops:
D:4 (

Annotations:
D:4 Ijyb


Innate Abilities, Weirdness & Mutations

You are resistant to torment.
Your stone body is resilient. (AC +5)
You are immune to poison.
You resist negative energy. (rN+)
You are resistant to electric shocks. (rElec)
You can survive without breathing.
You are immune to petrification.
You are immune to rotting.


Message History

There is an open door here.
You feel a little less mighty now.
Found Qiviv's Antique Weapon Shop.
Ijyb the Twisted Goblin comes into view.
She is wielding a vampiric dagger.
Ijyb shouts!
An orc comes into view. It is wielding a whip.
Ijyb zaps a wand.
The bolt of acid hits you!
You are splashed with acid!
The acid burns!
It is a wand of acid (12).
You hit Ijyb.
Ijyb is lightly wounded.
Ijyb hits you with a vampiric dagger. Ijyb hits you but does no damage.
You closely miss Ijyb.
Ijyb is lightly wounded.
Ijyb hits you but does no damage.
You hit Ijyb.
Ijyb is moderately wounded.
Ijyb zaps a wand.
The bolt of acid hits you!
* * * LOW HITPOINT WARNING * * *
You are splashed with acid!
The acid burns!
You die...

#.....#.......o,,,*,,,,,,,*,,
#.....#......,,,,,*,,,,,,,*,,
##....##..g#*,,,,,*,,,,,,,*,,
#....##...#*,,,,,*,,,,,,,*,,
#(....#...#*,,,,**,,,,,,,*,,
##.....#...#########+##*,**,,
#......#...#.....##...##,**,,
#......#...#...........#,,,,,
#..†.......g@..........+,,,,,
######.....................#,,,.,
....#...##.#.#.#....###'####,...,
....#...#.##+####....##...##....,
....#...##.....##...............,
....'....#.....##...............,
....#....+.._..+..........##...#*
....##...#.....##....##...##...##
....##...#.....##....##...##.....


You could see Ijyb.

Vanquished Creatures
  Grinder (D:4)
  3 bullfrogs
  The ghost of loopi the Sneak, a weakling SpAs of Sif Muna (D:3)
  A crimson imp (D:4)
  A hound (D:4)
  A centaur skeleton (D:3)
  An orc wizard (D:3)
  Terence (D:3)
  A worker ant (D:4)
  17 adders
  3 gnolls (D:3)
  5 river rats (Sewer)
  3 oozes
  4 worms
  3 leopard geckos (D:2)
  4 orcs (D:3)
  3 giant cockroaches
  12 goblins
  6 hobgoblins
  8 jackals (D:3)
  6 kobolds
  2 quokkas (D:3)
  6 ball pythons (Sewer)
  5 bats
  6 frilled lizards
  A goblin skeleton (D:4)
  A goblin zombie (D:4)
  A hobgoblin zombie (D:4)
  A kobold skeleton (D:4)
  A kobold zombie (D:4)
  An orc skeleton (D:4)
  2 orc zombies (D:4)
  27 rats
139 creatures vanquished.

Notes
Turn   | Place    | Note
-------+----------+-------------------------------------------
     0 | D:1      | GroovyGamera the Gargoyle Fighter began the quest for the Orb.
     0 | D:1      | Reached XP level 1. HP: 14/14 MP: 1/1
   498 | D:1      | Reached XP level 2. HP: 18/19 MP: 2/2
   740 | D:2      | Found a shimmering altar of Xom.
   859 | D:2      | Reached XP level 3. HP: 18/23 MP: 3/3
  1238 | D:2      | Reached XP level 4. HP: 29/29 MP: 4/4
  1294 | D:2      | Found an opulent altar of Gozag.
  1593 | D:3      | Found a sparkling altar of Nemelex Xobeh.
  1685 | D:3      | Noticed Terence
  1701 | D:3      | Killed Terence
  1701 | D:3      | Reached XP level 5. HP: 33/33 MP: 5/5
  1789 | D:3      | Found a runed door.
  1793 | D:3      | Noticed loopi's ghost (weakling SpAs)
  1905 | D:3      | Found a white marble altar of Elyvilon.
  2557 | D:3      | Reached XP level 6. HP: 38/38 MP: 6/6
  2664 | D:3      | Reached skill level 5 in Armour
  2683 | D:3      | Killed loopi's ghost
  2792 | D:4      | Found a glowing drain.
  2803 | Sewer    | Entered a sewer
  2870 | Sewer    | Reached skill level 5 in Shields
  2986 | Sewer    | Reached XP level 7. HP: 36/44 MP: 7/7
  3477 | D:4      | Found a glowing golden altar of the Shining One.
  3556 | D:4      | Noticed Grinder
  3569 | D:4      | Killed Grinder
  3569 | D:4      | Reached skill level 5 in Fighting
  3569 | D:4      | Reached skill level 5 in Axes
  3569 | D:4      | Reached XP level 8. HP: 38/49 MP: 8/8
  3630 | D:4      | Found Qiviv's Antique Weapon Shop.
  3631 | D:4      | Noticed Ijyb
  3646 | D:4      | Splashed by Ijyb's acid

Skill      XL: |  1  2  3  4  5  6  7 |
---------------+----------------------+-----
Axes           | 2 3 5 |  5.4
Shields        | 4 5 |  5.4
Armour         | 4 5 |  5.7
Fighting       | 4 5 |  5.1
Dodging        | |  0.6

Action                   |  1- 3 |  4- 6 |  7- 9 || total
-------------------------+-------+-------+-------++-------
Melee: War axe           |   162 |   306 |   101 ||   569
  Use: Scroll            |       |     4 |       ||     4
       Potion            |       |     1 |     2 ||     3
  Eat: Chunk             |     1 |     3 |     2 ||     6
       Ration            |       |     1 |       ||     1
Armor: Plate armour      |   150 |   206 |    97 ||   453
Dodge: Dodged            |    26 |    51 |    27 ||   104
Block: Shield            |   121 |   186 |    74 ||   381
